Map: Lerilak Crest

Players

Javert - Winner!

  • Race: Zerg Zerg
  • League: Grandmaster

Tiraël

  • Race: Protoss Protoss
  • League: Grandmaster

VOD

Have the link to the VOD?

Description

Time

  • Played on: Sept. 18, 2015, 4 p.m.
  • Length: 12:39
Show
View Real Time Build Order
Export as new Build Order

Javert Zerg - Winner!

Build Orders: Hatch First 

Get SALT Encoding   

  12  0:02  Drone  
  13  0:17  Overlord  
  13  0:19  Drone  
  14  0:35  Drone  
  14  0:36  Drone  
  14  0:39  Drone  
  17  0:58  Drone  
  17  1:01  Hatchery  
  17  1:02  Extractor  
  16  1:05  Drone  
  17  1:11  Drone  
  18  1:27  Drone, Spawning Pool  
  18  1:35  Drone  
  19  1:44  Drone  
  20  1:57  Drone  
  21  2:15  Hatchery  
  20  2:20  Queen  
  20  2:21  Metabolic Boost  
  22  2:28  Queen  
  24  2:34  Drone x2  
  26  2:40  Drone x2  
  28  2:45  Overlord  
  28  2:55  Overlord  
  28  3:08  Queen  
  28  3:10  Overlord  
  30  3:13  Zergling x4  
  30  3:18  Drone  
  30  3:19  Drone  
  34  3:30  Drone x3  
  34  3:31  Drone x2  
  39  3:41  Overlord  
  39  3:45  Zergling x6  
  39  3:46  Zergling x4  
  44  3:53  Drone x4  
  47  4:03  Drone x3  
  47  4:04  Drone  
  51  4:13  Drone x3  
  52  4:27  Drone x5  
  52  4:28  Drone x4  
  61  4:33  Lair  
  61  4:34  Extractor  
  60  4:39  Overlord x3  
  60  4:48  Extractor x2  
  60  4:52  Evolution Chamber  
  57  4:53  Evolution Chamber, Drone  
  57  4:54  Drone x5  
  62  5:04  Roach Warren  
  61  5:07  Extractor  
  60  5:16  Drone x2, Overlord x2  
  60  5:18  Zerg Missile Weapons Level 1  
  60  5:19  Zerg Ground Armor Level 1  
  62  5:30  Overlord  
  62  5:31  Overlord  
  61  5:45  Hydralisk Den  
  61  5:46  Queen  
  61  5:47  Roach  
  61  5:48  Roach x10  
  84  5:54  Overseer  
  84  5:59  Drone x4  
  84  6:00  Drone  
  84  6:02  Extractor  
  88  6:08  Drone  
  88  6:09  Drone x4  
  93  6:17  Overseer  
  93  6:23  Spine Crawler  
  92  6:26  Spore Crawler  
  92  6:30  Hydralisk x7  
  105  6:34  Drone  
  105  6:35  Drone x3  
  109  6:41  Spine Crawler  
  109  6:43  Glial Reconstitution  
  108  6:57  Hydralisk x2  
  112  7:03  Overlord  
  112  7:08  Overlord  
  112  7:22  Drone x2, Overlord x2  
  114  7:34  Overlord x2  
  114  7:35  Hydralisk  
  114  7:36  Hydralisk x6  
  128  7:38  Muscular Augments  
  128  7:46  Burrow  
  128  7:48  Zerg Missile Weapons Level 2  
  128  7:59  Drone x7  
  128  8:00  Drone x2  
  128  8:02  Overlord x2, Extractor  
  128  8:03  Hatchery  
  135  8:07  Extractor  
  136  8:13  Ravager x5  
  136  8:15  Roach x2  
  136  8:18  Zergling x16  
  136  8:19  Zergling x8  
  155  8:23  Overlord  
  155  8:25  Drone x2  
  133  8:53  Roach x10  
  150  9:09  Hydralisk  
  141  9:10  Hydralisk x5  
  153  9:27  Roach x4  
  153  9:28  Roach x2  
  165  9:34  Overlord  
  165  9:37  Drone x2  
  167  9:38  Infestation Pit  
  166  9:54  Hydralisk x3  
  166  9:57  Overlord  
  125  10:34  Hydralisk x5  
  125  10:35  Hydralisk x14  
  125  10:40  Hive  
  125  10:43  Drone  
  125  10:44  Drone x5  
  125  11:02  Extractor  
  125  11:04  Hatchery  
  125  11:06  Extractor  
  125  11:10  Hydralisk  
  125  11:11  Hydralisk x11  
  125  11:15  Overlord x4  
  125  11:26  Overlord  
  125  11:27  Overlord  
  125  11:44  Roach  
  125  11:45  Roach x3  
  125  11:51  Queen  
  125  12:02  Overlord  
Show
View Real Time Build Order
Export as new Build Order

Tiraël Protoss 

Build Orders: 1 Gate Expand 

Get SALT Encoding   

  12  0:01  Probe (Chrono Boost)  
  13  0:11  Probe (Chrono Boost)  
  14  0:21  Pylon  
  14  0:24  Probe (Chrono Boost)  
  15  0:39  Probe (Chrono Boost)  
  16  0:47  Gateway  
  16  0:49  Probe (Chrono Boost)  
  17  0:50  Assimilator  
  17  0:59  Probe (Chrono Boost)  
  18  1:05  Assimilator  
  18  1:08  Probe (Chrono Boost)  
  19  1:27  Probe (Chrono Boost)  
  20  1:34  Nexus  
  20  1:44  Pylon  
  20  1:46  Probe (Chrono Boost)  
  21  1:59  Probe (Chrono Boost)  
  21  2:00  Cybernetics Core  
  22  2:10  Probe (Chrono Boost)  
  23  2:20  Probe (Chrono Boost)  
  24  2:25  Forge  
  24  2:28  Pylon  
  24  2:33  Pylon  
  24  2:37  Mothership Core (Chrono Boost)  
  24  2:41  Sentry  
  28  2:47  Probe (Chrono Boost)  
  29  2:53  Warp Gate (Chrono Boost)  
  29  2:55  Probe (Chrono Boost)  
  29  2:56  Probe (Chrono Boost)  
  31  2:58  Protoss Ground Weapons Level 1  
  31  3:06  Probe  
  31  3:08  Probe  
  32  3:19  Probe, Assimilator  
  32  3:21  Probe  
  32  3:27  Pylon  
  34  3:29  Probe  
  34  3:33  Stalker, Probe  
  38  3:38  Probe  
  39  3:45  Probe  
  40  3:48  Probe  
  41  3:57  Probe  
  41  3:58  Probe  
  43  4:08  Probe  
  43  4:10  Probe  
  45  4:17  Robotics Facility  
  45  4:19  Gateway  
  45  4:21  Gateway  
  45  4:22  Probe  
  46  4:34  Photon Cannon  
  46  4:38  Photon Cannon  
  46  4:45  Probe  
  46  4:47  Probe  
  46  4:50  Protoss Ground Armor Level 1 (Chrono Boost)  
  48  4:54  Pylon  
  48  4:55  Probe  
  48  4:57  Sentry, Twilight Council  
  52  5:00  Probe  
  52  5:01  Assimilator  
  52  5:05  Probe  
  52  5:06  Observer (Chrono Boost)  
  52  5:12  Probe  
  55  5:18  Probe  
  56  5:22  Stalker x3  
  56  5:24  Probe  
  56  5:27  Warp Prism  
  63  5:29  Pylon  
  63  5:31  Probe  
  63  5:32  Pylon  
  66  5:36  Probe  
  66  5:40  Blink (Chrono Boost)  
  67  5:48  Robotics Bay  
  67  5:50  Stalker  
  67  5:51  Stalker x2  
  67  5:53  Probe x2  
  75  6:34  Colossus (Chrono Boost), Zealot x2  
  75  6:35  Zealot  
  87  6:44  Protoss Ground Weapons Level 2  
  87  6:57  Probe  
  87  6:58  Probe  
  87  7:00  Extended Thermal Lance  
  81  7:08  Sentry x3  
  87  7:22  Colossus (Chrono Boost)  
  93  7:40  Pylon  
  93  7:43  Pylon  
  93  7:45  Pylon  
  93  8:00  Adept x3  
  99  8:05  Colossus (Chrono Boost)  
  105  8:13  Probe x2  
  107  8:25  Probe, Nexus, Pylon  
  108  8:28  Pylon  
  108  8:29  Gateway  
  108  8:32  Gateway, Nexus  
  107  8:34  Stalker x2  
  107  8:35  Stalker  
  89  8:54  Colossus (Chrono Boost)  
  95  9:16  Cybernetics Core  
  95  9:23  Pylon  
  95  9:24  Pylon  
  95  9:25  Zealot  
  95  9:26  Zealot x2  
  95  9:27  Pylon  
  95  9:28  Charge  
  95  9:31  Zealot x2  
  105  9:42  Colossus (Chrono Boost)  
  111  9:55  Stalker x4  
  119  10:00  Protoss Ground Weapons Level 3  
  119  10:02  Stargate  
  119  10:04  Stargate  
  83  10:22  Zealot x5  
Tags
 
Add a new tag
Caveats
  • Supply blocks, unpowered buildings, or Contaminate may cause inaccurate times.
  • Supply counts are checked every 10 seconds.